cohdb
Replays
Latest Replays
All Replays
Popular Replays
Top Player Replays
Match Explorer
How It Works
Community
CoH3 Stats
Reddit
Sign in to upload your games and track your stats! →
Sign in with Steam
Match 41022321
Unlisted
Match 41022321
Overview
Messages
Build Orders
End
Scout Squad
Selects Airborne Battlegroup
Selects Pathfinders
Construct Weapon Support Center
M1919 Machine Gun Team
Bazooka Squad
M1919 Machine Gun Team
Infantry Support Center
M3 Armored Personnel Carrier
Selects Paratrooper Squad Paradrop
Paratrooper Squad Paradrop
Survival Training
Selects Recon Loiter
Paratrooper Squad Paradrop
Advanced Logistics
Recon Loiter
Construct Motor Pool
M24 Chaffee Light Tank
Junta Power
BloodSpark
Cons01
gr.ape
-=Thrawn=-
Pat216
0
0
Comments
sign in to comment!
No comments posted yet!